 Dungeon Crawl Stone Soup version 0.21.0-24-g2553a33 (webtiles) character file.

4 Monsterracer the Grasshopper (level 1, -3/9 HPs)
             Began as a Felid Warper on Jan 21, 2018.
             Slain by a goblin
             ... wielding a +0 dagger
              (4 damage)
             ... on level 1 of the Dungeon.
             The game lasted 00:00:09 (27 turns).

Monsterracer the Grasshopper (Felid Warper)           Turns: 27, Time: 00:00:10

Health: -3/9       AC:  1    Str:  7    XL:     1   Next: 50%
Magic:  4/4        EV: 18    Int: 14    God:
Gold:   0          SH:  0    Dex: 15    Spells: 4/4 levels left
                                        Lives:  0   Deaths: 0

rFire    . . .     SeeInvis +     - Unarmed
rCold    . . .     Gourm    .   (shield unavailable)
rNeg     . . .     Faith    .   (armour unavailable)
rPois    .         Spirit   .   (helmet unavailable)
rElec    .         Reflect  .   (cloak unavailable)
rCorr    .         Harm     .   (gloves unavailable)
MR       .....                  (boots unavailable)
Stlth    ++........             (no amulet)
HPRegen  0.03/turn              (no ring)
MPRegen  0.09/turn              (no ring)

@: quick
A: very small, no armour, no weapons or thrown items, stealth, claws 1, fangs 3,
see invisible, carnivore, speed 1, shaggy fur 1, slow metabolism 1, sharp paws
a: no special abilities


You were on level 1 of the Dungeon.
You were not hungry.

You visited 1 branch of the dungeon, and saw 1 of its levels.

Inventory:

Scrolls
 b - a scroll of blinking
Books
 a - a book of Spatial Translocations

   Spells                             Type                      Level
   a - Blink                          Translocation                2
   b - Shroud of Golubria             Charms/Translocation         2
   c - Lesser Beckoning               Translocation                3
   d - Gell's Gravitas                Translocation                3
   e - Teleport Other                 Translocation                3
   f - Passage of Golubria            Translocation                4
Comestibles
 c - a ration


   Skills:
 - Level 2.0 Fighting
 - Level 3.2 Dodging
 + Level 2.4 Unarmed Combat
 - Level 2.0 Spellcasting
   Level 4.4 Translocations


You had 4 spell levels left.
You didn't know any spells.

Dungeon Overview and Level Annotations

Branches:
Dungeon (1/15)

Altars:


Innate Abilities, Weirdness & Mutations

You cannot wear armour.
You are incapable of wielding weapons or throwing items.
Your paws allow you to move quietly. (Stealth)
You have sharp claws.
You have razor-sharp teeth.
You have supernaturally acute eyesight. (SInv)
You are carnivorous and can eat meat at any time.
You cover ground quickly.
You are covered in fur. (AC +1)
You have a slow metabolism.
Your sharp claws are effective at attacking unaware monsters.


Message History

Welcome, Monsterracer the Felid Warper.
Will you be the one to retrieve the fabulous Orb of Zot from the depths?
Press ? for a list of commands and other information.
Found a staircase leading out of the dungeon.
You enter the shallow water.
Moving in this stuff is going to be slow.
A hobgoblin comes into view.
The hobgoblin shouts!
Found a stone staircase leading down.
A hobgoblin is nearby!
Found a triangular silver amulet.
Found an escape hatch in the floor.
A hobgoblin comes into view.
You scratch the hobgoblin.
You kill the hobgoblin!
The hobgoblin moves out of view.
A goblin and a kobold come into view.
The kobold shouts!
The goblin shouts!
The kobold hits you with a club.
You take 3 damage, and have 6/9 hp.
MASSIVE DAMAGE!!
You are too injured to fight recklessly!
You are too injured to fight recklessly!
The kobold hits you but does no damage.
You scratch the kobold. You bite the kobold.
You kill the kobold!
The hobgoblin misses you. The goblin barely misses you.
Things that are here:
a club; a kobold corpse You closely miss the hobgoblin.
You bite the hobgoblin.
The hobgoblin is lightly wounded.
The hobgoblin misses you.
You scratch the hobgoblin.
The hobgoblin is heavily wounded.
The hobgoblin closely misses you.
You barely miss the hobgoblin. Your claw misses the hobgoblin.
The hobgoblin is heavily wounded.
The hobgoblin barely misses you.
You barely miss the hobgoblin.
The hobgoblin is heavily wounded.
The hobgoblin barely misses you.
You barely miss the hobgoblin.
The hobgoblin is heavily wounded.
The hobgoblin hits you.
You take 1 damage, and have 5/9 hp.
You scratch the hobgoblin but do no damage.
The hobgoblin is heavily wounded.
The hobgoblin hits you.
* * * LOW HITPOINT WARNING * * *
You take 4 damage, and have 1/9 hp.
MASSIVE DAMAGE!!
You scratch the hobgoblin.
You kill the hobgoblin!
You scratch the goblin.
The goblin is severely wounded.
The goblin hits you with a dagger.
You die...

#######.. .........#
.....>.....
..........################
..........#≈§§≈≈§≈≈≈§≈≈≈≈≈
..........#§§≈≈≈...§.≈≈≈≈≈
..........#§≈....≈≈≈....≈≈
..........#≈...≈≈≈.≈≈≈...≈
......!...g@..≈≈≈.<..≈≈..≈
..".......#≈...≈≈≈.≈≈≈...≈
######.####§§§§..≈≈≈....≈≈
..g #≈§≈≈≈..§.§≈≈≈≈≈ .....
#≈≈≈≈≈≈§§≈≈≈≈≈≈≈ #.....
################ #.....
#..... #.....


You could see a goblin.

Vanquished Creatures
  2 hobgoblins (D:1)
  A kobold (D:1)
3 creatures vanquished.

Notes
Turn   | Place    | Note
-------+----------+-------------------------------------------
     0 | D:1      | Monsterracer the Felid Warper began the quest for the Orb.
     0 | D:1      | Reached XP level 1. HP: 9/9 MP: 4/4
    25 | D:1      | HP: 1/9 [hobgoblin (4)]
    27 | D:1      | Slain by a goblin

Action                   || total
-------------------------++-------
Melee: Unarmed           ||    10
       Bite              ||     2
Dodge: Dodged            ||     6

Vault maps used:
D:1:      dpeg_arrival_shrine
